 Dungeon Crawl Stone Soup version 0.22-a0-278-g8f80174 (webtiles) character file.

1166 tidbits the Chiller (level 8, 0/58 HPs)
             Began as a Gnoll Ice Elementalist on Mar 15, 2018.
             Slain by Joseph
             ... wielding a +0 quarterstaff
              (4 damage)
             ... on level 7 of the Dungeon.
             The game lasted 00:13:09 (1211 turns).

tidbits the Chiller (Gnoll Ice Elementalist)        Turns: 1211, Time: 00:13:10

Health: 0/58       AC: 10    Str: 11    XL:     8   Next: 40%
Magic:  3/26       EV: 15    Int: 20    God:
Gold:   115        SH:  0    Dex: 15    Spells: 9/19 levels left

rFire    . . .     SeeInvis .   b - +0 morningstar
rCold    . . .     Gourm    .   (no shield)
rNeg     . . .     Faith    .   l - +0 robe
rPois    .         Spirit   .   E - +0 helmet
rElec    .         Reflect  .   (no cloak)
rCorr    .         Harm     .   (no gloves)
MR       .....                  (no boots)
Stlth    +++.......             r - amulet of regeneration
HPRegen  0.19/turn              n - ring of magical power
MPRegen  0.20/turn              s - ring of flight

@: icy armour, slow
A: distributed training, fangs 1, strong nose
a: Evoke Flight


You were on level 7 of the Dungeon.
You were hungry.

You visited 1 branch of the dungeon, and saw 7 of its levels.

You collected 115 gold pieces.

Inventory:

Hand Weapons
 a - a +3 dagger of venom
   (You took it off an orc on level 4 of the Dungeon)
 b - a +0 morningstar (weapon)
 k - a +0 short sword
 p - a +0 shortbow
 u - a +0 war axe
Missiles
 d - 80 arrows
 g - 2 curare-tipped needles
Armour
 i - a cursed +0 ring mail
 l - a +0 robe (worn)
 q - a +0 pair of boots
 E - a +0 helmet (worn)
Jewellery
 n - a ring of magical power (left hand)
   (You found it on level 3 of the Dungeon)
 r - an amulet of regeneration (around neck)
   (You found it on level 5 of the Dungeon)
 s - a ring of flight (right hand)
   (You found it on level 5 of the Dungeon)
Scrolls
 h - a scroll of fog
 m - a scroll of remove curse
 o - a scroll of identify
Potions
 e - a potion of agility
 f - a potion of haste
 j - a potion of might
 t - a potion of degeneration {unknown}
Comestibles
 c - 5 rations


   Skills:
 + Level 3.2 Fighting
 + Level 3.2 Short Blades
 + Level 3.2 Long Blades
 + Level 3.2 Axes
 + Level 3.2 Maces & Flails
 + Level 3.2 Polearms
 + Level 3.2 Staves
 + Level 3.2 Slings
 + Level 3.2 Bows
 + Level 3.2 Crossbows
 + Level 3.2 Throwing
 + Level 3.2 Armour
 + Level 5.6 Dodging
 + Level 5.3 Stealth
 + Level 3.2 Shields
 + Level 3.2 Unarmed Combat
 + Level 6.0 Spellcasting
 + Level 3.4 Conjurations
 + Level 2.6 Hexes
 + Level 2.6 Charms
 + Level 2.6 Summonings
 + Level 2.6 Necromancy
 + Level 2.6 Translocations
 + Level 2.6 Transmutations
 + Level 2.6 Fire Magic
 + Level 6.1 Ice Magic
 + Level 2.6 Air Magic
 + Level 2.6 Earth Magic
 + Level 2.6 Poison Magic
 + Level 3.5 Invocations
 + Level 3.2 Evocations


You had 9 spell levels left.
You knew the following spells:

 Your Spells              Type           Power        Failure   Level  Hunger
a - Freeze                Ice            ####         1%          1    None
i - Throw Icicle          Conj/Ice       ####....     14%         4    ####...
j - Throw Frost           Conj/Ice       ####..       2%          2    None
o - Ozocubu's Armour      Chrm/Ice       ###.....     5%          3    ##.....


Dungeon Overview and Level Annotations

Branches:
Dungeon (7/15)
 Temple: D:4-7

Altars:
Ashenzari
Dithmenos
Ru
Vehumet
Zin

Shops:
D:5 %

Annotations:
D:5 Grinder
D:7 Joseph


Innate Abilities, Weirdness & Mutations

Your experience applies equally to all skills.
You have very sharp teeth.
Your uncanny sense of smell can sniff out nearby items.


Message History

a worm corpse; a howler monkey corpse
Casting: Ozocubu's Armour (safe; 5% risk of failure)
Confirm with . or Enter, or press ? or * to list all spells.
Aiming: Throw Icicle (safe; 14% risk of failure)
Press: ? - help, Shift-Dir - straight line, f - worm
Aim: a worm The shard of ice hits the worm.
You kill the worm!
There is a stone staircase leading up here.
Unknown command.
Casting: Throw Icicle (safe; 14% risk of failure)
Confirm with . or Enter, or press ? or * to list all spells.
Aiming: Throw Icicle (safe; 14% risk of failure)
Press: ? - help, Shift-Dir - straight line, f - howler monkey zombie
Aim: a howler monkey zombie The shard of ice hits the howler monkey zombie.
The howler monkey zombie partially resists.
The howler monkey zombie is lightly damaged.
You sock the howler monkey zombie! You bite the howler monkey zombie.
The howler monkey zombie is severely damaged.
The howler monkey zombie closely misses you.
You hit the howler monkey zombie.
The howler monkey zombie is almost destroyed.
The howler monkey zombie hits you.
* * * LOW HITPOINT WARNING * * *
You sock the howler monkey zombie!
You destroy the howler monkey zombie!
You see here a worm corpse.
Found an emerald potion.
Found a robe.
You see here a robe.
You see here an emerald potion.
t - an emerald potion Your icy armour starts to melt.
You see here a robe.
Your icy armour evaporates.
Found a long sword.
You see here a robe.
Found a stone staircase leading down.
A crimson imp comes into view. It is wielding a dagger.
There is a stone staircase leading down here.
Found a mace.
The crimson imp barely misses you.
You barely miss the crimson imp. The crimson imp completely misses you.
Casting: Throw Icicle (safe; 14% risk of failure)
Confirm with . or Enter, or press ? or * to list all spells.
A film of ice covers your body! The crimson imp barely misses you.
You completely miss the crimson imp.
The crimson imp hits you but does no damage.
The crimson imp blinks!
The crimson imp puffs mist at you.
There is a stone staircase leading down here.
You climb downwards.
An ooze comes into view.
Found a sharpened wooden wand.
There is a stone staircase leading up here.
Joseph, a Mercenary comes into view.
He is wielding a quarterstaff.
Joseph unwields an uncursed quarterstaff.
Joseph wields a hunting sling.
Joseph shoots a sling bullet.
The sling bullet hits you!
* * * LOW HITPOINT WARNING * * *
You see here a sling bullet.
Casting: Ozocubu's Armour (safe; 5% risk of failure)
Confirm with . or Enter, or press ? or * to list all spells.
Aiming: Throw Icicle (safe; 14% risk of failure)
Press: ? - help, Shift-Dir - straight line, f - Joseph
Aim: Joseph, wielding a hunting sling and wearing a leather armour The shard of ice hits Joseph.
Joseph is lightly wounded.
You are feeling hungry.
Casting: Throw Icicle (safe; 14% risk of failure)
Confirm with . or Enter, or press ? or * to list all spells.
Aiming: Throw Icicle (safe; 14% risk of failure)
Press: ? - help, Shift-Dir - straight line, f/p - Joseph
Aim: Joseph, wielding a hunting sling and wearing a leather armour (lightly wounded)
The shard of ice hits Joseph.
Joseph is moderately wounded.
Joseph shoots a sling bullet.
The sling bullet hits you.
* * * LOW HITPOINT WARNING * * *
Casting: Throw Icicle (safe; 14% risk of failure)
Confirm with . or Enter, or press ? or * to list all spells.
Aiming: Throw Icicle (safe; 14% risk of failure)
Press: ? - help, Shift-Dir - straight line, f/p - Joseph
Aim: Joseph, wielding a hunting sling and wearing a leather armour (moderately wounded)
The shard of ice hits Joseph.
Joseph is moderately wounded.
Joseph shoots a sling bullet.
The sling bullet barely misses you.
Casting: Throw Icicle (safe; 14% risk of failure)
Confirm with . or Enter, or press ? or * to list all spells.
Aiming: Throw Icicle (safe; 14% risk of failure)
Press: ? - help, Shift-Dir - straight line, f/p - Joseph
Aim: Joseph, wielding a hunting sling and wearing a leather armour (moderately wounded)
The shard of ice hits Joseph.
Joseph is heavily wounded.
Joseph shoots a sling bullet.
The sling bullet hits you!
* * * LOW HITPOINT WARNING * * *
Joseph unwields an uncursed hunting sling.
Joseph wields an uncursed quarterstaff.
Joseph hits you with an uncursed quarterstaff.
You die...

##########
:.../..@(#########
(.....@#..<.....J.
.#####.#.#########
#.#.# #.... ###.#
... #.# ..


You could see Joseph.

Vanquished Creatures
  Sigmund (D:5)
  Menkaure (D:4)
  2 sky beasts (D:6)
  A phantom (D:6)
  An ogre (D:4)
  A centaur (D:4)
  A bullfrog (D:6)
  A scorpion (D:5)
  A howler monkey (D:6)
  2 orc priests
  3 hounds
  A bullfrog skeleton (D:5)
  A worker ant (D:4)
  A howler monkey zombie (D:6)
  6 adders
  An adder skeleton (D:5)
  4 worms
  A dart slug (D:3)
  2 leopard geckos
  7 orcs
  2 ball pythons
  A giant cockroach (D:4)
  2 hobgoblins (D:3)
  2 jackals (D:4)
  2 kobolds
  A quokka (D:6)
  A bat (D:1)
  A giant cockroach zombie (D:6)
  A jackal skeleton (D:6)
  2 quokka zombies (D:5)
54 creatures vanquished.

Notes
Turn   | Place    | Note
-------+----------+-------------------------------------------
     0 | D:1      | tidbits the Gnoll Ice Elementalist began the quest for the Orb.
     0 | D:1      | Reached XP level 1. HP: 13/13 MP: 6/6
    26 | D:2      | Reached skill level 2 in Conjurations
    26 | D:2      | Reached XP level 2. HP: 18/20 MP: 4/7
    44 | D:2      | Learned a level 2 spell: Throw Frost
    77 | D:5      | Entered Level 5 of the Dungeon
    95 | D:5      | Noticed Sigmund
   150 | D:5      | Noticed a centaur
   153 | D:4      | Reached skill level 5 in Spellcasting
   153 | D:4      | Reached skill level 1 in Invocations
   153 | D:4      | Reached XP level 3. HP: 9/25 MP: 5/9
   219 | D:4      | Found a radiant altar of Vehumet.
   222 | D:4      | Noticed an ogre
   226 | D:4      | Reached skill level 1 in Fighting
   226 | D:4      | Reached skill level 1 in Short Blades
   226 | D:4      | Reached skill level 1 in Long Blades
   226 | D:4      | Reached skill level 1 in Axes
   226 | D:4      | Reached skill level 1 in Maces & Flails
   226 | D:4      | Reached skill level 1 in Polearms
   226 | D:4      | Reached skill level 1 in Staves
   226 | D:4      | Reached skill level 1 in Slings
   226 | D:4      | Reached skill level 1 in Bows
   226 | D:4      | Reached skill level 1 in Crossbows
   226 | D:4      | Reached skill level 1 in Throwing
   226 | D:4      | Reached skill level 1 in Armour
   226 | D:4      | Reached skill level 1 in Shields
   226 | D:4      | Reached skill level 1 in Unarmed Combat
   226 | D:4      | Reached skill level 1 in Evocations
   231 | D:4      | HP: 2/26 [ogre/giant spiked club (22)]
   233 | D:4      | Killed an ogre
   233 | D:4      | Reached skill level 1 in Hexes
   233 | D:4      | Reached skill level 1 in Charms
   233 | D:4      | Reached skill level 1 in Summonings
   233 | D:4      | Reached skill level 1 in Necromancy
   233 | D:4      | Reached skill level 1 in Translocations
   233 | D:4      | Reached skill level 1 in Transmutations
   233 | D:4      | Reached skill level 1 in Fire Magic
   233 | D:4      | Reached skill level 1 in Air Magic
   233 | D:4      | Reached skill level 1 in Earth Magic
   233 | D:4      | Reached skill level 1 in Poison Magic
   233 | D:4      | Reached XP level 4. HP: 2/32 MP: 1/11
   233 | D:4      | Reached XP level 5. HP: 3/37 MP: 1/12
   342 | D:4      | Learned a level 3 spell: Ozocubu's Armour
   347 | D:4      | Learned a level 4 spell: Throw Icicle
   418 | D:4      | Noticed Menkaure
   427 | D:4      | Killed Menkaure
   427 | D:4      | Reached skill level 2 in Invocations
   427 | D:4      | Reached XP level 6. HP: 18/44 MP: 0/13
   455 | D:3      | Found a sacrificial altar of Ru.
   497 | D:3      | Found a glowing silver altar of Zin.
   583 | D:4      | Reached skill level 2 in Fighting
   583 | D:4      | Reached skill level 2 in Short Blades
   583 | D:4      | Reached skill level 2 in Long Blades
   583 | D:4      | Reached skill level 2 in Axes
   583 | D:4      | Reached skill level 2 in Maces & Flails
   583 | D:4      | Reached skill level 2 in Polearms
   583 | D:4      | Reached skill level 2 in Staves
   583 | D:4      | Reached skill level 2 in Slings
   583 | D:4      | Reached skill level 2 in Bows
   583 | D:4      | Reached skill level 2 in Crossbows
   583 | D:4      | Reached skill level 2 in Throwing
   583 | D:4      | Reached skill level 2 in Armour
   583 | D:4      | Reached skill level 5 in Dodging
   583 | D:4      | Reached skill level 2 in Shields
   583 | D:4      | Reached skill level 2 in Unarmed Combat
   583 | D:4      | Reached skill level 2 in Evocations
   636 | D:5      | Noticed Grinder
   654 | D:5      | Killed Sigmund
   654 | D:5      | Reached XP level 7. HP: 23/50 MP: 15/15
   703 | D:6      | Reached skill level 2 in Hexes
   703 | D:6      | Reached skill level 2 in Charms
   703 | D:6      | Reached skill level 2 in Summonings
   703 | D:6      | Reached skill level 2 in Necromancy
   703 | D:6      | Reached skill level 2 in Translocations
   703 | D:6      | Reached skill level 2 in Transmutations
   703 | D:6      | Reached skill level 2 in Fire Magic
   703 | D:6      | Reached skill level 2 in Air Magic
   703 | D:6      | Reached skill level 2 in Earth Magic
   703 | D:6      | Reached skill level 2 in Poison Magic
   704 | D:6      | Found a shadowy altar of Dithmenos.
   720 | D:6      | Found a shattered altar of Ashenzari.
   737 | D:6      | Reached skill level 3 in Conjurations
   798 | D:6      | Reached skill level 5 in Stealth
   804 | D:6      | Reached skill level 3 in Invocations
   851 | D:6      | Reached skill level 6 in Ice Magic
   851 | D:6      | Reached XP level 8. HP: 11/57 MP: 8/16
   939 | D:5      | Found Tihahuuf's Food Shop.
  1008 | D:5      | Reached skill level 3 in Fighting
  1008 | D:5      | Reached skill level 3 in Short Blades
  1008 | D:5      | Reached skill level 3 in Long Blades
  1008 | D:5      | Reached skill level 3 in Axes
  1008 | D:5      | Reached skill level 3 in Maces & Flails
  1008 | D:5      | Reached skill level 3 in Polearms
  1008 | D:5      | Reached skill level 3 in Staves
  1008 | D:5      | Reached skill level 3 in Slings
  1008 | D:5      | Reached skill level 3 in Bows
  1008 | D:5      | Reached skill level 3 in Crossbows
  1008 | D:5      | Reached skill level 3 in Throwing
  1008 | D:5      | Reached skill level 3 in Armour
  1008 | D:5      | Reached skill level 3 in Shields
  1008 | D:5      | Reached skill level 3 in Unarmed Combat
  1008 | D:5      | Reached skill level 3 in Evocations
  1122 | D:6      | Reached skill level 6 in Spellcasting
  1206 | D:7      | Noticed Joseph
  1210 | D:7      | HP: 4/58 [Joseph/sling bullet (9)]
  1211 | D:7      | Slain by Joseph

Vault maps used:
D:1:      dpeg_arrival_simpleton_b, grunt_decor_fettered, minmay_splitting_lines
D:2:      first_ration, kennysheep_generic_room_10
D:3:      nicolae_ru_awakened_eye, lemuel_doored_altar,
          lemuel_coloured_pillars_altar
D:4:      vehumet_crystals, uniq_menkaure
D:5:      lemuel_crystal_altar, serial_curves, eino_curves_02, eino_curves_03,
          serial_shops, nicolae_shop_behind_doors, uniq_grinder, uniq_sigmund
D:6:      nicolae_overflow_hidden_temple, temple_statues, basic_altar,
          cheibrodos_ashenzari_chains
D:7:      basic_altar, uniq_joseph, uniq_pikel, uniq_duvessa

Skill      XL: |  1  2  3  4  5  6  7  8 |
---------------+-------------------------+-----
Conjurations   | 2 3 |  3.4
Spellcasting   | 5 6 |  6.0
Invocations    | 1 2 3 |  3.5
Fighting       | 1 2 3 |  3.2
Short Blades   | 1 2 3 |  3.2
Long Blades    | 1 2 3 |  3.2
Axes           | 1 2 3 |  3.2
Maces & Flails | 1 2 3 |  3.2
Polearms       | 1 2 3 |  3.2
Staves         | 1 2 3 |  3.2
Slings         | 1 2 3 |  3.2
Bows           | 1 2 3 |  3.2
Crossbows      | 1 2 3 |  3.2
Throwing       | 1 2 3 |  3.2
Armour         | 1 2 3 |  3.2
Shields        | 1 2 3 |  3.2
Unarmed Combat | 1 2 3 |  3.2
Evocations     | 1 2 3 |  3.2
Hexes          | 1 2 |  2.6
Charms         | 1 2 |  2.6
Summonings     | 1 2 |  2.6
Necromancy     | 1 2 |  2.6
Translocations | 1 2 |  2.6
Transmutations | 1 2 |  2.6
Fire Magic     | 1 2 |  2.6
Air Magic      | 1 2 |  2.6
Earth Magic    | 1 2 |  2.6
Poison Magic   | 1 2 |  2.6
Dodging        | 5 |  5.6
Stealth        | 5 |  5.3
Ice Magic      | 6 |  6.1

Action                   |  1- 3 |  4- 6 |  7- 9 || total
-------------------------+-------+-------+-------++-------
Melee: Dagger            |       |    27 |    57 ||    84
       Bite              |       |     4 |     6 ||    10
       Morningstar       |       |       |    35 ||    35
       Unarmed           |       |       |     3 ||     3
       Punch             |       |       |     1 ||     1
 Cast: Freeze            |    18 |    20 |    19 ||    57
       Throw Icicle      |       |     3 |    14 ||    17
       Throw Frost       |       |     2 |     1 ||     3
       Ozocubu's Armour  |       |     2 |     8 ||    10
  Use: Potion            |     1 |     3 |     5 ||     9
       Scroll            |       |     1 |     6 ||     7
 Stab: Sleeping          |       |     2 |     2 ||     4
       Invisible         |       |     1 |       ||     1
  Eat: Chunk             |       |       |     3 ||     3
Armor: Robe              |     2 |     7 |    26 ||    35
Dodge: Dodged            |     8 |    31 |    76 ||   115

Table legend:
 A = Spawn XP
 B = Non-spawn XP
 C = Spawn XP percentage of total XP
 D = Spawn monster count
 E = Non-spawn monster count
 F = Spawn count percentage of total count
 G = Total turns spent on level
                    A         B        C        D         E        F      G
               +---------+---------+-------+---------+---------+-------+---------
         Total |       0 |    1667 |   0.0 |       0 |      54 |   0.0 |  1211
               +---------+---------+-------+---------+---------+-------+---------
           D:1 |       0 |       1 |   0.0 |       0 |       1 |   0.0 |    11
           D:2 |       0 |      28 |   0.0 |       0 |       3 |   0.0 |    57
           D:3 |       0 |      36 |   0.0 |       0 |       6 |   0.0 |   110
           D:4 |       0 |     459 |   0.0 |       0 |      14 |   0.0 |   391
           D:5 |       0 |     478 |   0.0 |       0 |      15 |   0.0 |   307
           D:6 |       0 |     665 |   0.0 |       0 |      15 |   0.0 |   328
               +---------+---------+-------+---------+---------+-------+---------

Table legend:
 A = Turns spent in this place as a percentage of turns spent in the entire game.
 B = Non-inter-level travel turns spent in this place as a percentage of non-inter-level travel turns spent in the entire game.
 C = Inter-level travel turns spent in this place as a percentage of turns spent in this place.
 D = Turns resting spent in this place as a percentage of non-inter-level travel turns spent in this place.
 E = Turns spent auto-exploring this place as a percentage of non-inter-level travel turns spent in this place.
 F = Non-inter-level travel turns spent in this place divided by the number of levels of this place that you've seen.
                   A       B       C       D       E      F
               +-------+-------+-------+-------+-------+----------------------
         Total | 100.0 | 100.0 |   0.0 |   0.0 |   0.0 | 173.0
       Dungeon | 100.0 | 100.0 |   0.0 |   0.0 |   0.0 | 173.0
               +-------+-------+-------+-------+-------+----------------------

Table legend:
 A = Kills in this place as a percentage of kills in entire the game.
 B = Kills by you in this place as a percentage of kills by you in the entire game.
 C = Kills by friends in this place as a percentage of kills by friends in the entire game.
 D = Other kills in this place as a percentage of other kills in the entire game.
 E = Experience gained in this place as a percentage of experience gained in the entire game.
 F = Experience gained in this place divided by the number of levels of this place that you have seen.
                   A       B       C       D       E      F
               +-------+-------+-------+-------+-------+----------------------
         Total | 100.0 | 100.0 |   N/A |   N/A | 100.0 | 238.1
       Dungeon | 100.0 | 100.0 |   N/A |   N/A | 100.0 | 238.1
               +-------+-------+-------+-------+-------+----------------------

Vault maps used:
D:1:      dpeg_arrival_simpleton_b, grunt_decor_fettered, minmay_splitting_lines
D:2:      first_ration, kennysheep_generic_room_10
D:3:      nicolae_ru_awakened_eye, lemuel_doored_altar,
          lemuel_coloured_pillars_altar
D:4:      vehumet_crystals, uniq_menkaure
D:5:      lemuel_crystal_altar, serial_curves, eino_curves_02, eino_curves_03,
          serial_shops, nicolae_shop_behind_doors, uniq_grinder, uniq_sigmund
D:6:      nicolae_overflow_hidden_temple, temple_statues, basic_altar,
          cheibrodos_ashenzari_chains
D:7:      basic_altar, uniq_joseph, uniq_pikel, uniq_duvessa
